 Dungeon Sprint DCSS version 0.19-a0-1493-gd0fcaa6 (webtiles) character file.

627 poirepourri the Covert (level 7, -1/32 HPs)
             Began as a Spriggan Enchanter on Sept 9, 2016.
             Was an Initiate of Dithmenos.
             Shot with an arrow by a centaur warrior (23 damage)
             ... in the Dungeon (Sprint I: "Red Sonja").
             The game lasted 00:01:31 (498 turns).

poirepourri the Covert (Spriggan Enchanter)          Turns: 498, Time: 00:01:31

Health: -1/32      AC:  3    Str:  4    XL:     7   Next: 23%
Magic:  19/19      EV: 25    Int: 16    God:    Dithmenos [......]
Gold:   433        SH:  0    Dex: 19    Spells: 5 memorised, 10 levels left

rFire  . . .     SeeInvis +     a - +1 dagger
rCold  . . .     Gourm    .     b - +1 robe
rNeg   . . .     Faith    .     (shield restricted)
rPois  .         Spirit   .     (helmet restricted)
rElec  .         Dismiss  .     (no cloak)
rCorr  .         Reflect  .     (gloves unavailable)
MR     +....     Harm     .     (boots unavailable)
Stlth  +++++++... NoTele   +    (no amulet)
                                (no ring)
                                (no ring)

@: very slightly contaminated, very quick
A: unfitting armour, see invisible, herbivore 3, speed 3, slow metabolism 2
a: Renounce Religion


You were in the Dungeon.
You worshipped Dithmenos.
Dithmenos was noncommittal.
You were not hungry.

You visited 1 branch You collected 433 gold pieces.

Inventory:

Hand Weapons
 a - a +1 dagger (weapon)
Armour
 b - a +1 robe (worn)
Potions
 e - a potion of curing
 f - a potion of heal wounds
 g - a potion of haste
 h - a potion of magic
 i - a potion of berserk rage
Books
 c - a book of Maledictions

   Spells                             Type                      Level
   a - Corona                         Hexes                        1
   b - Ensorcelled Hibernation        Hexes/Ice                    2
   c - Confuse                        Hexes                        3
   d - Tukima's Dance                 Hexes                        3
   e - Dazzling Spray                 Conjuration/Hexes            3
Comestibles
 d - a bread ration


   Skills:
 + Level 3.2 Short Blades
 + Level 8.5 Dodging
 + Level 14.2 Stealth
 + Level 8.0 Spellcasting
 + Level 11.0 Hexes
 + Level 1.4 Ice Magic


You had 10 spell levels left.
You knew the following spells:

 Your Spells              Type           Power        Failure   Level  Hunger
a - Corona                Hex            #####..      1%          1    None
b - Ensorcelled Hibernat  Hex/Ice        ####..       1%          2    None
c - Confuse               Hex            #####...     1%          3    ##.....
d - Tukima's Dance        Hex            #####...     1%          3    ##.....
e - Dazzling Spray        Conj/Hex       ###...       3%          3    ##.....


Dungeon Overview and Level Annotations

Branches:
Dungeon (1/1)

Altars:
Cheibriados
Dithmenos
Elyvilon
Fedhas
Gozag
Hepliaklqana
Kikubaaqudgha
Makhleb
Nemelex Xobeh
Okawaru
Qazlal
Ru
Sif Muna
Trog
Uskayaw
Vehumet
Xom
Yredelemnul
Zin
The Shining One
Jiyva
Lugonu

Shops:
D }


Innate Abilities, Weirdness & Mutations

You are tiny and cannot use many weapons and most armour.
You have supernaturally acute eyesight. (SInv)
You are a herbivore.
You cover ground extremely quickly.
You need consume almost no food.


Message History

You enter the shallow water.
Moving in this stuff is going to be slow.
Found a leather armour.
The centaur warrior shouts!
The centaur warrior wields a longbow.
The centaur warrior shoots an arrow.
The arrow hits you!
You hear a splash.
The centaur warrior wields a longbow.
The centaur warrior shoots an arrow.
The arrow completely misses you.
Found a bread ration.
You see here an arrow.
Blink to where?
Press: ? - help, Dir - move target cursor Splash!
You are very lightly contaminated with residual magic.
As you read the scroll of blinking, it crumbles to dust.
There is an open door here.
The centaur warrior shoots an arrow.
The arrow hits you!!
Ouch! That really hurt!
You die...

######################
#<.#.)'..#.)'..#__#..+
#..'..#..'..#..'..'..#
#..#####'#####'#__####
#..####..#...#.####[§#
#..#__####..##@#≈§§.§#
#).#_____##'#..'≈c§§§+
#⌠⌠#_.∩..†'..._#≈§c§c#
####_..__##_.#'##+####
#_____###+#(# #######
###


You could see 2 centaur warriors.

Vanquished Creatures
  A slime creature (D)
  Sigmund (D)
  A yak (D)
  An ogre (D)
  A jelly (D)
  Ijyb (D)
6 creatures vanquished.

Notes
Turn   | Place    | Note
-------+----------+-------------------------------------------
     0 | D        | poirepourri the Spriggan Enchanter began the quest for the Orb.
     0 | D        | Reached XP level 1. HP: 9/9 MP: 5/5
     5 | D        | Noticed Ijyb
    29 | D        | Killed Ijyb
    29 | D        | Reached skill level 6 in Stealth
    29 | D        | Reached skill level 5 in Hexes
    29 | D        | Reached XP level 2. HP: 12/13 MP: 5/7
   122 | D        | Learned a level 2 spell: Ensorcelled Hibernation
   126 | D        | Noticed an ogre
   145 | D        | Killed an ogre
   145 | D        | Reached skill level 5 in Dodging
   145 | D        | Reached skill level 9 in Stealth
   145 | D        | Reached XP level 3. HP: 16/16 MP: 6/10
   145 | D        | Reached XP level 4. HP: 21/21 MP: 6/11
   210 | D        | Noticed Sigmund
   213 | D        | Killed Sigmund
   213 | D        | Reached skill level 11 in Stealth
   213 | D        | Reached skill level 1 in Ice Magic
   213 | D        | Reached XP level 5. HP: 24/24 MP: 12/15
   213 | D        | Reached XP level 6. HP: 28/28 MP: 12/16
   351 | D        | Found a deep blue altar of Sif Muna.
   353 | D        | Found a radiant altar of Vehumet.
   357 | D        | Reached skill level 12 in Stealth
   395 | D        | Found Yzokoud's Gadget Emporium.
   395 | D        | Found an ancient bone altar of Kikubaaqudgha.
   395 | D        | Found a hazy altar of Hepliaklqana.
   395 | D        | Found a stormy altar of Qazlal.
   395 | D        | Found a hide-covered altar of Uskayaw.
   395 | D        | Found a blossoming altar of Fedhas.
   395 | D        | Found a bloodstained altar of Trog.
   395 | D        | Found an iron altar of Okawaru.
   395 | D        | Found a basalt altar of Yredelemnul.
   395 | D        | Found a glowing golden altar of the Shining One.
   395 | D        | Found a snail-covered altar of Cheibriados.
   395 | D        | Found a sacrificial altar of Ru.
   395 | D        | Found a glowing silver altar of Zin.
   395 | D        | Found a shadowy altar of Dithmenos.
   395 | D        | Found a white marble altar of Elyvilon.
   395 | D        | Noticed a yak
   396 | D        | Found an opulent altar of Gozag.
   397 | D        | Killed a yak
   397 | D        | Reached skill level 13 in Stealth
   397 | D        | Reached skill level 10 in Hexes
   398 | D        | Found a sparkling altar of Nemelex Xobeh.
   406 | D        | Became a worshipper of Dithmenos the Shadowed
   427 | D        | Learned a level 3 spell: Confuse
   431 | D        | Learned a level 3 spell: Tukima's Dance
   435 | D        | Learned a level 3 spell: Dazzling Spray
   436 | D        | Found a burning altar of Makhleb.
   436 | D        | Found a viscous altar of Jiyva.
   436 | D        | Found a shimmering altar of Xom.
   436 | D        | Found a corrupted altar of Lugonu.
   436 | D        | Noticed a slime creature
   439 | D        | Killed a slime creature
   439 | D        | Reached skill level 14 in Stealth
   439 | D        | Reached XP level 7. HP: 32/32 MP: 17/19
   491 | D        | Noticed a centaur warrior
   492 | D        | Noticed a centaur warrior
   498 | D        | Shot with an arrow by a centaur warrior

Vault maps used:
D:        dungeon_sprint_1

Skill      XL: |  1  2  3  4  5  6 |
---------------+-------------------+-----
Dodging        | 4 5 7 8 |  8.5
Stealth        | 6 9 11 14 | 14.2
Spellcasting   | 3 4 6 8 |  8.0
Hexes          | 5 7 9 11 | 11.0
Short Blades   | 2 3 |  3.2
Ice Magic      | 1 |  1.4

Action                   |  1- 3 |  4- 6 |  7- 9 || total
-------------------------+-------+-------+-------++-------
Melee: Dagger            |    25 |     4 |       ||    29
 Cast: Ensorcelled Hiber |     2 |       |       ||     2
  Use: Potion            |     1 |       |       ||     1
       Scroll            |       |       |     1 ||     1
 Stab: Sleeping          |     2 |     4 |       ||     6
Armor: Robe              |     1 |       |       ||     1
Dodge: Dodged            |    16 |       |     1 ||    17
